 Dungeon Crawl Stone Soup version 0.25-a0-843-g6944ee31a2 (webtiles) character file.

Game seed: 1691558140458999761, levelgen mode: classic

11487 Amnesiac the Zephyrmancer (level 11, -5/61 HPs)
             Began as a Deep Elf Air Elementalist on Apr 24, 2020.
             Was an Elder of Dithmenos.
             Slain by a yaktaur captain
             ... wielding an uncursed staff of earth
              (27 damage)
             ... on level 9 of the Dungeon on Apr 25, 2020.
             The game lasted 00:27:14 (12697 turns).

Amnesiac the Zephyrmancer (DEAE)                   Turns: 12697, Time: 00:27:15

Health: -5/61      AC: 13    Str:  5    XL:     11   Next: 50%
Magic:  6/27       EV: 19    Int: 24    God:    Dithmenos [****..]
Gold:   78         SH:  5    Dex: 15    Spells: 18/30 levels left

rFire    . . .     SeeInvis .   a - staff of air
rCold    . . .     Gourm    +   A - +0 buckler
rNeg     . . .     Faith    .   F - +0 robe
rPois    .         Spirit   .   I - +0 helmet
rElec    +         Reflect  .   Q - +2 cloak {+Inv}
rCorr    .         Harm     .   f - +2 pair of gloves
MR       +....                  x - +2 pair of boots
Stlth    +++.......             i - amulet of the gourmand
HPRegen  0.20/turn              C - +1 ring of protection
MPRegen  0.20/turn              (no ring)

@: very slightly contaminated, wreathed by umbra, studying Necromancy, invisible
A: no striking features
a: Shadow Step, Renounce Religion


You were on level 9 of the Dungeon.
You worshipped Dithmenos.
Dithmenos was greatly pleased with you.
You were very full.

You visited 1 branch of the dungeon, and saw 11 of its levels.

You collected 504 gold pieces.
You spent 426 gold pieces at shops.

Inventory:

Hand Weapons
 L - a +1 dagger of speed
Missiles
 v - 3 curare-tipped darts (quivered)
Armour
 e - the +1 plate armour "Zyiz" {rF+ rCorr Slay+2}
   (You took it off an orc on level 9 of the Dungeon)

   It affects your accuracy and damage with ranged weapons and melee attacks
   (+2).
   It protects you from fire.
   It provides partial protection from all sources of acid and corrosion.
 f - a +2 pair of gloves (worn)
 x - a +2 pair of boots (worn)
 A - a +0 buckler (worn)
 F - a +0 robe (worn)
 G - a +0 ring mail of fire resistance
 I - a +0 helmet (worn)
 Q - a +2 cloak of invisibility (worn)
Magical Staves
 a - an uncursed staff of air (weapon)
 b - an uncursed staff of wizardry {!a}
Jewellery
 i - an amulet of the gourmand (around neck)
 p - the ring of Ubiyzis {*Tele MR+ Dex+3}
   (You found it on level 4 of the Dungeon)

   [ring of teleportation]

   It may teleport you next to monsters.
   It affects your dexterity (+3).
   It affects your resistance to hostile enchantments.
 t - an uncursed ring of flight
 C - a +1 ring of protection (left hand)
Wands
 k - a wand of paralysis (3)
 E - a wand of random effects (25)
Scrolls
 g - 2 scrolls of amnesia {!r}
 h - a scroll of fog {!r}
 j - 2 scrolls of enchant weapon {!r}
 l - 2 scrolls of remove curse {!r}
 m - 3 scrolls of teleportation {!r}
 n - 4 scrolls of magic mapping {!r}
 N - a scroll of identify {!r}
Potions
 d - 6 potions of might {!q}
 o - a potion of curing {!q}
 q - a potion of berserk rage {!q}
 r - a potion of ambrosia {!q}
 s - a potion of magic {!q}
 u - 3 potions of stabbing {!q}
 w - 2 potions of flight {!q}
 z - 2 potions of brilliance {!q}
 B - a potion of cancellation {!q, unknown}
 H - a potion of invisibility {!q}
 M - a potion of mutation {!q}
 O - 6 potions of heal wounds {!q}
Books
 y - a manual of Necromancy
Miscellaneous
 P - 2 boxes of beasts
Comestibles
 c - 27 rations


   Skills:
 - Level 4.0 Fighting
 + Level 9.9 Dodging
 - Level 3.0 Stealth
 - Level 4.0 Shields
 - Level 10.0 Spellcasting
 - Level 1.1 Conjurations
 - Level 10.5 Air Magic
 + Level 6.6 Invocations
 - Level 6.0 Evocations


You had 18 spell levels left.
You knew the following spells:

 Your Spells              Type           Power        Failure   Level  Hunger
a - Shock                 Conj/Air       ####         1%          1    None
b - Lightning Bolt        Conj/Air       ######....   14%         5    ####...
e - Airstrike             Air            #######...   1%          4    #......
z - Swiftness             Chrm/Air       ######..     1%          2    None

Your spell library contained the following spells:

 Spells                   Type           Power        Failure   Level  Hunger
 Static Discharge         Conj/Air       ######..     1%          3    None


Dungeon Overview and Level Annotations

Branches:
Dungeon (11/15)            Temple (0/1) D:5            Lair (0/6) D:10
    Orc: D:9-12

Altars:
Cheibriados
Dithmenos
Hepliaklqana
Makhleb
Sif Muna
Trog
Uskayaw
Vehumet
Xom
The Shining One

Shops:
D:8 (   D:9 ![=(

Annotations:
D:5 Blork the orc


Message History

a +0 hand axe; 2 bolts
There is an open door, spattered with blood here.
You see here a bolt.
There is an open door here.
All of the chunks of flesh in your inventory have rotted away.
The yaktaur captain is too close now for your liking.
There is an open door here.
A yaktaur captain is nearby!
A yaktaur captain is nearby!
You fail to use your ability.
The yaktaur captain shouts!
The yaktaur captain shoots a bolt.
The bolt hits you!!
You fail to use your ability.
You fail to use your ability.
You close the door.
Something unseen opens the door.
You fade into invisibility!
You are very lightly contaminated with residual magic.
Casting: Airstrike (mildly dangerous; 1% risk of failure)
Confirm with . or Enter, or press ? or * to list all spells.
Aiming: Airstrike (mildly dangerous; 1% risk of failure)
Press: ? - help, Dir - move target cursor, f - yaktaur captain
Aim: a yaktaur captain, wielding a +0 arbalest and quivering 15 bolts (umbra)
You feel a surge of power!
The air twists around and strikes the yaktaur captain!
The yaktaur captain is lightly wounded.
Casting: Airstrike (mildly dangerous; 1% risk of failure)
Confirm with . or Enter, or press ? or * to list all spells.
Aiming: Airstrike (mildly dangerous; 1% risk of failure)
Press: ? - help, Dir - move target cursor, f/p - yaktaur captain
Aim: a yaktaur captain, wielding a +0 arbalest and quivering 15 bolts (lightly wounded, hasn't noticed you, umbra)
You feel a surge of power!
The air twists around and strikes the yaktaur captain!
The yaktaur captain is moderately wounded.
Casting: Airstrike (mildly dangerous; 1% risk of failure)
Confirm with . or Enter, or press ? or * to list all spells.
Aiming: Airstrike (mildly dangerous; 1% risk of failure)
Press: ? - help, Dir - move target cursor, f/p - yaktaur captain
Aim: a yaktaur captain, wielding a +0 arbalest and quivering 15 bolts (moderately wounded, hasn't noticed you, umbra)
You feel a surge of power!
The air twists around and strikes the yaktaur captain!
The yaktaur captain is heavily wounded.
The yaktaur captain unwields a +0 arbalest.
The yaktaur captain wields an uncursed staff of earth.
The yaktaur captain misses you.
Casting: Airstrike (mildly dangerous; 1% risk of failure)
Confirm with . or Enter, or press ? or * to list all spells.
Aiming: Airstrike (mildly dangerous; 1% risk of failure)
Press: ? - help, Dir - move target cursor, f/p - yaktaur captain
Aim: a yaktaur captain, wielding a staff of earth and quivering 15 bolts (heavily wounded, umbra)
You feel a surge of power!
The air twists around and strikes the yaktaur captain!
The yaktaur captain is heavily wounded.
The yaktaur captain hits you with an uncursed staff of earth!
* * * LOW HITPOINT WARNING * * *
Casting: Airstrike (mildly dangerous; 1% risk of failure)
Confirm with . or Enter, or press ? or * to list all spells.
Aiming: Airstrike (mildly dangerous; 1% risk of failure)
Press: ? - help, Dir - move target cursor, f/p - yaktaur captain
Aim: a yaktaur captain, wielding a staff of earth and quivering 15 bolts (heavily wounded, umbra)
You feel a surge of power!
The air twists around and strikes the yaktaur captain!
The yaktaur captain is severely wounded.
The yaktaur captain hits you with an uncursed staff of earth!!
You die...

#.###.###.# ##...## #(#####
#.........# ##.....######....#
#.#...#.### ##...####....##.#.#
#.#.#....####..###.......(....###
#.#.#.###...'.##.........#.<.....
##.#.## #########'########....###
#.###.# #.#...# ##.### ##.#.##
#.c..## #...## #.#.#.# #..#@##
#....# ##.#.## #####c.### #....#
#.###.# #..##.. ####.# ##.#.##
#.##... #.# #.#.#.# #.##..c #.#
##.#.## #.##... #.# #.###.#
#..#... ####.# ##.#.## #.## ####
#....# #.#.#.# #.# #..# ######


You could see a yaktaur captain.

Vanquished Creatures
  A centaur warrior (D:9)
  4 two-headed ogres
  Pikel (D:6)
  An ugly thing (D:9)
  Maurice (D:8)
  A troll (D:8)
  A hornet (D:9)
  Prince Ribbit (D:8)
  A hippogriff (D:7)
  2 shadows (D:9)
  2 wraiths (D:10)
  4 yaks (D:10)
  Grum (D:8)
  2 hungry ghosts
  Menkaure (D:7)
  2 wargs (D:10)
  A water moccasin (D:8)
  2 orc warriors
  3 slaves
  An ice beast (D:9)
  4 phantoms
  2 sky beasts
  7 ogres
  4 wolves (D:8)
  4 centaurs
  A crocodile (D:10)
  2 big kobolds (D:9)
  A bullfrog (D:7)
  A scorpion (D:4)
  4 killer bees (D:9)
  4 wights (D:7)
  5 howler monkeys
  A jelly (D:5)
  4 crimson imps
  4 hounds
  5 orc priests
  2 centaur skeletons
  8 orc wizards
  3 iguanas
  6 worker ants
  A hound zombie (D:10)
  2 howler monkey zombies
  A worker ant zombie (D:10)
  2 howler monkey skeletons
  11 adders
  A shadow imp (D:8)
  2 oozes
  3 adder zombies
  A dart slug (D:4)
  7 leopard geckos
  26 orcs
  A ball python (D:2)
  4 giant cockroaches
  7 goblins
  8 hobgoblins
  2 jackals (D:11)
  2 quokkas
  A ball python skeleton (D:4)
  8 bats
  3 frilled lizards
  18 kobolds
  A quokka zombie (D:5)
  4 rats (D:3)
221 creatures vanquished.

Notes
Turn   | Place    | Note
-------+----------+-------------------------------------------
     0 | D:1      | Amnesiac the Deep Elf Air Elementalist began the quest for
                  | the Orb.
     0 | D:1      | Reached XP level 1. HP: 10/10 MP: 6/6
   265 | D:2      | Reached XP level 2. HP: 11/15 MP: 4/8
   301 | D:2      | Learned a level 2 spell: Swiftness
   590 | D:4      | Reached XP level 3. HP: 14/19 MP: 7/10
   705 | D:4      | Found a shimmering altar of Xom.
   833 | D:4      | Found a burning altar of Makhleb.
   838 | D:4      | Reached XP level 4. HP: 20/24 MP: 7/12
   898 | D:5      | Entered Level 5 of the Dungeon
   990 | D:3      | Learned a level 4 spell: Airstrike
  1076 | D:5      | Noticed Blork the orc
  1077 | D:5      | Noticed a phantom
  1348 | D:4      | Killed a phantom
  1348 | D:4      | Reached skill level 5 in Spellcasting
  1348 | D:4      | Reached skill level 5 in Air Magic
  1348 | D:4      | Reached XP level 5. HP: 17/28 MP: 0/14
  1543 | D:4      | Reached XP level 6. HP: 6/32 MP: 0/16
  1550 | D:4      | Learned a level 5 spell: Lightning Bolt
  1646 | D:4      | Got a scorched glass ring
  1751 | D:5      | Found a hazy altar of Hepliaklqana.
  1796 | D:5      | Found a shadowy altar of Dithmenos.
  1814 | D:5      | Became a worshipper of Dithmenos the Shadowed
  2674 | D:2      | Found a radiant altar of Vehumet.
  2674 | D:2      | Found a snail-covered altar of Cheibriados.
  3391 | D:3      | Reached * piety under Dithmenos
  3761 | D:4      | Identified the ring of Ubiyzis {*Tele MR+ Dex+3} (You found
                  | it on level 4 of the Dungeon)
  3797 | D:4      | Found a bloodstained altar of Trog.
  4276 | D:5      | Reached XP level 7. HP: 36/36 MP: 1/18
  4602 | D:5      | Found a shimmering blue altar of Sif Muna.
  5122 | D:5      | Found a staircase to the Ecumenical Temple.
  5178 | D:6      | Identified a paperback manual
  5179 | D:6      | Reached XP level 8. HP: 41/41 MP: 15/21
  5750 | D:6      | Noticed Pikel
  6041 | D:6      | Killed Pikel
  6278 | D:6      | Upgraded the game from 0.25-a0-842-g81a31cfd23 to
                  | 0.25-a0-843-g6944ee31a2
  6340 | D:7      | Noticed a hippogriff
  6341 | D:7      | Reached skill level 10 in Air Magic
  6341 | D:7      | Reached XP level 9. HP: 45/45 MP: 10/24
  6482 | D:7      | Reached ** piety under Dithmenos
  6863 | D:7      | Noticed Menkaure
  6865 | D:7      | Killed Menkaure
  6865 | D:7      | Reached skill level 1 in Shields
  6929 | D:7      | Found a glowing golden altar of the Shining One.
  7130 | D:7      | Reached skill level 10 in Spellcasting
  7266 | D:8      | Found Oduytrun's Antique Weapon Shoppe.
  7289 | D:8      | Noticed Maurice
  7293 | D:8      | Killed Maurice
  7503 | D:8      | Reached skill level 1 in Fighting
  7849 | D:8      | Found a hide-covered altar of Uskayaw.
  7851 | D:8      | Noticed Prince Ribbit
  7854 | D:8      | Killed Prince Ribbit
  7913 | D:8      | Noticed Grum
  7935 | D:8      | Killed Grum
  8013 | D:8      | Noticed a two-headed ogre
  8023 | D:8      | Killed a two-headed ogre
  8023 | D:8      | Reached skill level 5 in Dodging
  8023 | D:8      | Reached XP level 10. HP: 36/56 MP: 0/26
  8349 | D:9      | Noticed a purple ugly thing
  8503 | D:9      | Killed a purple ugly thing
  8745 | D:9      | Found Ciuqitiuddee's Jewellery Shop.
  8857 | D:9      | Found Hucyec's Armour Boutique.
  8865 | D:9      | Bought a +1 pair of gloves for 138 gold pieces
  8865 | D:9      | Bought a +0 helmet for 54 gold pieces
  8989 | D:9      | Found Xatumodgh's Antique Weapon Shoppe.
  9033 | D:9      | Reached skill level 1 in Evocations
  9126 | D:9      | Reached skill level 1 in Invocations
  9303 | D:9      | Found Jemodwokho's Distillery.
  9307 | D:9      | Reached *** piety under Dithmenos
  9371 | D:9      | Bought a potion of mutation for 96 gold pieces
  9660 | D:9      | Noticed a two-headed ogre
  9673 | D:9      | Killed a two-headed ogre
  9849 | D:9      | Noticed a yaktaur captain
 10104 | D:9      | Noticed a two-headed ogre
 10328 | D:9      | Killed a two-headed ogre
 10515 | D:10     | Entered Level 10 of the Dungeon
 10532 | D:10     | Found a staircase to the Lair.
 10539 | D:10     | Reached XP level 11. HP: 51/61 MP: 14/27
 10868 | D:10     | Noticed a two-headed ogre
 10873 | D:10     | Killed a two-headed ogre
 10873 | D:10     | Reached skill level 5 in Invocations
 10873 | D:10     | Reached skill level 5 in Evocations
 11861 | D:10     | Reached **** piety under Dithmenos
 12408 | D:9      | Bought a +0 cloak of invisibility for 138 gold pieces
 12455 | D:9      | Identified the +8 great mace "Illeufif" {vorpal, rF+ rN+
                  | Int+2 Dex-4}
 12455 | D:9      | Noticed a centaur warrior
 12460 | D:9      | Identified the +1 plate armour "Zyiz" {rF+ rCorr Slay+2}
 12473 | D:9      | Killed a centaur warrior
 12697 | D:9      | Slain by a yaktaur captain

Levels and vault maps discovered:
D:1:      scummos_arrival_hexagon, layout_loops_corners
D:2:      layout_basic, amethyst_overflow_temple_binary
D:3:      layout_basic
D:4:      layout_loops_ring, bloody_trog, tgw_xom, first_ration,
          makhleb_heckhound_becter
D:5:      layout_basic, minmay_temple_entry_nine_rooms,
          hangedman_feature_mirror, minivault_24, tgw_sif, uniq_blork_the_orc
D:6:      layout_gridville, minmay_manual_mares, uniq_pikel
D:7:      layout_cave_pods, tso_metal_star, uniq_menkaure
D:8:      layout_rooms, eat_drink_and_be_merry_uskayaw, serial_shops, shop,
          serial_park_tiny_2, grunt_ogre_cave, moated_statue, uniq_grum,
          uniq_maurice, uniq_prince_ribbit1
D:9:      minmay_sliced_demisemicircle, layout_loops_corners, serial_shops,
          nicolae_shop_stone, shop, shop, shop, roderic_roman_lattice
D:10:     layout_loops_cross, erik_lair_orcish_takeover
D:11:     layout_loops_cross

Skill      XL: |  1  2  3  4  5  6  7  8  9 10 11 |
---------------+----------------------------------+-----
Air Magic      | 4 5 7 8 10 | 10.5
Spellcasting   | 4 5 6 7 9 10 | 10.0
Stealth        | 3 |  3.0
Shields        | 4 |  4.0
Fighting       | 3 4 |  4.0
Dodging        | 5 8 9 |  9.9
Evocations     | 4 6 |  6.0
Invocations    | 4 6 |  6.6
Conjurations   | |  1.1

Action                   |  1- 3 |  4- 6 |  7- 9 | 10-12 || total
-------------------------+-------+-------+-------+-------++-------
Melee: Unarmed           |       |       |    19 |       ||    19
       Dagger            |       |       |    18 |       ||    18
       Staff             |       |       |       |    10 ||    10
 Cast: Shock             |    29 |   103 |    28 |    83 ||   243
       Airstrike         |       |    30 |    98 |   113 ||   241
       Swiftness         |       |       |     1 |       ||     1
       Lightning Bolt    |       |       |       |     3 ||     3
 Abil: Evoke Invisibilit |       |       |       |     1 ||     1
Evoke: Wand              |       |       |     5 |     1 ||     6
  Use: Scroll            |       |    14 |     2 |     9 ||    25
       Potion            |       |       |     1 |     1 ||     2
  Eat: Chunk             |     7 |    20 |    15 |    16 ||    58
Armor: Robe              |       |     7 |    12 |    10 ||    29
       Skin              |       |       |       |     3 ||     3
Dodge: Dodged            |     6 |    24 |    53 |    50 ||   133
Block: Buckler           |       |       |     3 |    18 ||    21

Table legend:
 A = Non-vault XP
 B = Vault XP
 C = Vault XP percentage of total XP
 D = Non-vault monster count
 E = Vault monster count
 F = Vault count percentage of total count
                 A         B        C        D         E       F
            +---------+---------+-------+---------+---------+-------
      Total |    9704 |    6707 |  40.9 |     187 |      31 |  14.2
            +---------+---------+-------+---------+---------+-------
        D:1 |      28 |       0 |   0.0 |      18 |       0 |   0.0
        D:2 |      38 |       0 |   0.0 |       9 |       0 |   0.0
        D:3 |      62 |       0 |   0.0 |      22 |       0 |   0.0
        D:4 |     468 |      43 |   8.4 |      15 |       1 |   6.2
        D:5 |     704 |      74 |   9.5 |      21 |       2 |   8.7
        D:6 |     272 |     834 |  75.4 |       6 |       3 |  33.3
        D:7 |    1144 |     169 |  12.9 |      13 |       1 |   7.1
        D:8 |    1263 |    1783 |  58.5 |      14 |       9 |  39.1
        D:9 |    1975 |    3357 |  63.0 |      35 |       8 |  18.6
       D:10 |    3746 |     447 |  10.7 |      32 |       7 |  17.9
       D:11 |       4 |       0 |   0.0 |       2 |       0 |   0.0
            +---------+---------+-------+---------+---------+-------
